 Dungeon Crawl Stone Soup version 0.30-a0-140-gd1020e658a (webtiles) character file.

Game seed: 12037812907845854875

15 lunkers the Cudgeller (level 2, -3/26 HPs)
             Began as a Meteoran Fighter on Sept 25, 2022.
             Slain by a gnoll
             ... wielding a +0 flail
              (4 damage)
             ... on level 3 of the Dungeon.
             The game lasted 00:01:10 (483 turns).

lunkers the Cudgeller (Meteoran Fighter)             Turns: 483, Time: 00:01:10

Health: -3/26      AC:  6    Str: 17    XL:     2   Next: 88%
Magic:  3/3        EV:  9    Int:  9    God:
Gold:   65         SH:  5    Dex: 13    Spells: 1/1 levels left

rFire   . . .      SeeInvis .    a - +0 flail
rCold   . . .      Faith    .    c - +0 buckler
rNeg    . . .      Spirit   .    b - +0 scale mail
rPois   .          Reflect  .    (no helmet)
rElec   .          Harm     .    (no cloak)
rCorr   .          Rampage  .    (no gloves)
Will    .....                    (no boots)
Stlth   ..........               (no amulet)
HPRegen 0.08/turn                (no ring)
MPRegen 0.08/turn                (no ring)

@: mighty, glowing
A: sense surroundings 1, otherworldly, glowing, explore regen
a: no special abilities


You were on level 3 of the Dungeon.
You visited 1 branch of the dungeon, and saw 3 of its levels.

You collected 65 gold pieces.

Inventory:

Hand Weapons
 a - a +0 flail (weapon)
Missiles
 h - 23 stones (quivered)
Armour
 b - a +0 scale mail (worn)
 c - a +0 buckler (worn)
Jewellery
 i - a ring of resist corrosion
Scrolls
 e - a scroll of magic mapping {unknown}
 f - a scroll of amnesia {unknown}
 g - 2 scrolls of identify {unknown}
Potions
 j - a potion of mutation {unknown}


   Skills:
 - Level 3.2 Fighting
 * Level 4.1 Maces & Flails
 - Level 3.6 Armour
 - Level 3.6 Shields


You had one spell level left.
You didn't know any spells.
Your spell library contained the following spells:

 Spells                   Type           Power      Damage    Failure   Level
 Ensorcelled Hibernation  Hex/Ice        0%         N/A       95%         2
 Passwall                 Tmut/Erth      0%         N/A       95%         2
 Swiftness                Air            0%         N/A       99%         3
 Arcjolt                  Conj/Air       0%         1d10      100%        5
 Iskenderun's Battlesphe  Conj           0%         2d6       100%        5
 Iron Shot                Conj/Erth      0%         9d1       100%        6
 Spellforged Servitor     Conj/Summ      0%         N/A       100%        7


Dungeon Overview and Level Annotations

Branches:
Dungeon (3/15) Zot: 1305

Altars:
Elyvilon

Shops:
D:1 [   D:2 =


Innate Abilities, Weirdness & Mutations

You passively map a small area around you.
You are easily found by Zot.
You glow in the dark.
You regain HP and MP as you explore.


Message History

You hit the goblin.
You kill the goblin!
Things that are here:
a +0 dagger; a +0 sling; a goblin corpse No target in view!
You open the door.
Found a book of Burglary.
There is an open door here.
You pick up a book of Burglary and begin reading...
You add the spells Passwall, Ensorcelled Hibernation and Swiftness to your library.
A gnoll comes into view. It is wielding a +0 flail.
Found a stone staircase leading down.
The gnoll shouts!
An endoplasm comes into view.
A goblin comes into view. It is wielding a +0 club.
You throw a stone. The stone closely misses the gnoll.
The goblin shouts!
The stone hits the endoplasm.
The endoplasm is lightly wounded.
You hear a shout!
A gnoll comes into view. It is wielding a +0 spear.
The gnoll shouts!
You hit the gnoll.
The gnoll is moderately wounded.
The gnoll closely misses you. The gnoll completely misses you.
You closely miss the gnoll.
The gnoll is moderately wounded.
The gnoll hits you with a +0 flail!
You barely miss the gnoll.
The gnoll is moderately wounded.
The gnoll hits you with a +0 flail.
* * * LOW HITPOINT WARNING * * *
You completely miss the gnoll.
The gnoll is moderately wounded.
You hear the slow rusting of a distant drain.
The gnoll hits you with a +0 flail!
* * * LOW HITPOINT WARNING * * *
You feel very mighty all of a sudden. The gnoll hits you with a +0 flail.
You die...

* , * , , ,...,* , #.#,
, , , .>#, * #g., , , ,
, #g# ** * ,, #J# , ,
,* #g# ,
*#####+###@##### . ,
+.......##.....# * ** *
...,,, **
#...##..#..... , ....,
#...'...######* * *
......#####.).#.......#
..............#..####.#
* ** #..########.#.#..#
#.#, ,
##..........#.#..# #.#
* *
.....########.#..####.#
,


You could see 2 gnolls, an endoplasm and a goblin.

Vanquished Creatures
  An endoplasm (D:2)
  A giant cockroach (D:1)
  4 goblins (D:3)
  3 kobolds
  A quokka (D:2)
  A ball python (D:3)
  A bat (D:3)
  A frilled lizard (D:1)
  2 rats
15 creatures vanquished.

Notes
Turn   | Place    | Note
-------+----------+-------------------------------------------
     0 | D:1      | lunkers the Meteoran Fighter began the quest for the Orb.
     0 | D:1      | Reached XP level 1. HP: 19/19 MP: 2/2
   109 | D:1      | Found Tisi's Antique Armour Emporium.
   123 | D:1      | Reached skill level 3 in Maces & Flails
   160 | D:2      | Found Zatiggul's Jewellery Boutique.
   166 | D:2      | Reached XP level 2. HP: 23/26 MP: 3/3
   282 | D:2      | Found a white marble altar of Elyvilon.
   386 | D:3      | Reached skill level 4 in Maces & Flails
   482 | D:3      | HP: 1/26 [gnoll/+0 flail (12)]
   483 | D:3      | Slain by a gnoll

Illustrated notes

Levels and vault maps discovered:
D:1:      onia_arrival_pentagram, layout_rooms, serial_shops, shop,
          hellmonk_ecumenical_altar_pennies_from_heaven
D:2:      layout_loops_ring, basic_altar, serial_shops, nicolae_shop_trees,
          nicolae_shop_stone, uniq_crazy_yiuf_cottage, uniq_jessica
D:3:      layout_basic, gammafunk_ghost_cemetery, cheibrodos_sewer_entry_bend

Skill      XL: |  1  2 |
---------------+-------+-----
Maces & Flails | 3 4 |  4.1
Fighting       | |  3.2
Armour         | |  3.6
Shields        | |  3.6

Action                   || total
-------------------------++-------
Melee: Flail             ||    43
Throw: Stone             ||     1
  Use: Potion            ||     1
Armor: Scale mail        ||    21
Dodge: Dodged            ||    14
Block: Buckler           ||    13

Table legend: (Time is in decaauts)
 A = Elapsed time spent in this place.
 B = Non-inter-level travel time spent in this place.
 C = Inter-level travel time spent in this place.
 D = Time resting spent in this place.
 E = Time spent auto-exploring this place.
 F = Levels seen in this place.
 G = Mean time per level.
                   A        B        C        D        E       F      G
               +--------+--------+--------+--------+--------+-----+--------+
         Total |    493 |    456 |     37 |      0 |    267 |   3 |  164.3 |
       Dungeon |    493 |    456 |     37 |      0 |    267 |   3 |  164.3 |
               +--------+--------+--------+--------+--------+-----+--------+

Top non-repeatable levels by time:
     D:2: 212 daAuts
     D:3: 150 daAuts
     D:1: 130 daAuts
